 Dungeon Crawl Stone Soup version 0.11.3 (webtiles) character file.

339 GordonOverkill the Ruinous (level 5, -17/28 HPs)
             Began as a Deep Elf Conjurer on Feb 13, 2017.
             Engulfed by a cloud of flame (22 damage)
             ... on Level 3 of the Dungeon.
             The game lasted 00:15:11 (3521 turns).

GordonOverkill the Ruinous (Deep Elf Conjurer)      Turns: 3521, Time: 00:15:11

HP -17/28        AC  3     Str  5      XL: 5   Next: 47%
MP  16/16        EV 14     Int 21      God:
Gold 143         SH  0     Dex 15      Spells:  2 memorised,  7 levels left

Res.Fire  : . . .   See Invis. : .   g - +2 dagger (flame)
Res.Cold  : . . .   Warding    : .   a - +0 elf robe
Life Prot.: . . .   Conserve   : .   (no shield)
Res.Poison: +       Res.Corr.  : .   m - +0 helmet
Res.Elec. : .       Clarity    : .   (no cloak)
Sust.Abil.: . .     Spirit.Shd : .   (no gloves)
Res.Mut.  : .       Stasis     : +   (no boots)
Res.Rott. : .       Ctrl.Telep.: .   x - amulet of stasis
Saprovore : . . .   Levitation : .   (no ring) Ctrl.Flight: .
                                     h - ring of poison resistance {unknown}

@: slightly resistant to hostile enchantments, fairly stealthy
A: no striking features
a: no special abilities


You were on level 3 of the Dungeon.
You were not hungry.

You visited 1 branch of the dungeon, and saw 3 of its levels.

You collected 123 gold pieces.

Inventory:

Hand weapons
 g - a +2,+2 dagger of flaming (weapon)
 B - a +2,+3 dwarven dagger
Missiles
 f - 3 darts (quivered)
 n - a dart of flame
Armour
 a - a +0 elven robe (worn)
 m - a +0 helmet (worn)
Comestibles
 b - a bread ration
 l - a lychee
 t - a rotting chunk of goblin flesh
 z - a meat ration
 C - a pear
Scrolls
 o - 2 scrolls of amnesia
 s - 2 scrolls of teleportation
 A - 3 scrolls of identify {unknown}
Jewellery
 h - a ring of poison resistance (left hand) {unknown}
 x - an amulet of stasis (around neck)
 y - an uncursed amulet of stasis
Potions
 d - a potion of brilliance {unknown}
 e - 2 potions of agility {unknown}
 i - a potion of might {unknown}
 j - a potion of curing {unknown}
 k - a potion of paralysis {unknown}
 p - a potion of cure mutation {unknown}
 q - 4 potions of heal wounds {unknown}
 u - a potion of slowing {unknown}
 w - a potion of restore abilities {unknown}
Books
 c - a book of Conjurations

   Spells                             Type                      Level
   *Magic Dart                        Conjuration                  1
   Throw Frost                        Conjuration/Ice              2
   *Mephitic Cloud                    Conjuration/Poison/Air       3
   Lightning Bolt                     Conjuration/Air              5
   Bolt of Cold                       Conjuration/Ice              6
   Freezing Cloud                     Conjuration/Ice/Air          6
 r - a book of Unlife

   Spells                             Type                      Level
   Recall                             Summoning/Translocation      3
   Animate Dead                       Necromancy                   4
   Control Undead                     Necromancy                   4
   Twisted Resurrection               Necromancy                   5
   Death Channel                      Necromancy                   6
   Simulacrum                         Ice/Necromancy               6
 v - a book of Wizardry

   Spells                             Type                      Level
   Summon Elemental                   Summoning                    4
   Agony                              Necromancy                   5
   Lightning Bolt                     Conjuration/Air              5
   Fireball                           Conjuration/Fire             5
   Haste                              Charms                       6
   Invisibility                       Hexes                        6


   Skills:
 + Level 3.7 Dodging
 - Level 2.4 Stealth
 + Level 3.6 Spellcasting
 * Level 6.3 Conjurations


You had 7 spell levels left.
You knew the following spells:

 Your Spells              Type           Power        Failure   Level  Hunger
a - Magic Dart            Conj           #####        1%          1    None
b - Mephitic Cloud        Conj/Pois/Air  ###......    17%         3    ###....


Dungeon Overview and Level Annotations

Branches:
Dungeon (3/27)

Altars:


Message History

Eat a chunk of adder flesh? (ye/n/q/i?) This raw flesh tastes terrible.
You continue eating.
There is an open door here.
The smell of rotting flesh makes you sick. (slot t)
There is an open door here.
There is an open door here.
Found a scroll labeled INAOBEXUTA.
Found 18 gold pieces.
Found a robe.
Really walk into a travel-excluded area?
Found a slimy white potion.
A - 3 scrolls labeled PHEYHE SOKKUI
There are no items here.
You are engulfed in roaring flames.
Ouch! That really hurt!
* * * LOW HITPOINT WARNING * * *
You are engulfed in roaring flames.
Ouch! That really hurt!
You die...

§§# #.# #§§§# #.###
##########...##### #...#
#.....§§§.[.?.§§§.######.##
#.....§§§..$...§§.........#
#..... §.?.$.§§§.........#
#....# #...# ##........#
#....# #§§§# #........#
#....# #§§@# #<.......#
#...<# #§§§# #......%.#
#....#####...#####........#
#..........####...........#
#.....(....# #...........#
. #..........#
#...........#..
#..........#
#.........>...#
########'###
#...........### ###...#
########.####


There were no monsters in sight!

Vanquished Creatures
  Ijyb (D:2)
  Jessica (D:2)
  9 adders
  An inept feature mimic (D:3)
  An ooze (D:1)
  5 orcs
  2 giant cockroaches
  10 goblins
  6 hobgoblins
  4 jackals (D:2)
  8 kobolds
  3 quokkas (D:2)
  7 bats
  4 giant newts
  6 rats
  A toadstool (D:3)
69 creatures vanquished.

Vanquished Creatures (others)
  A rat (D:3)
1 creature vanquished.

Grand Total: 70 creatures vanquished

Notes
Turn   | Place    | Note
--------------------------------------------------------------
     0 | D:1      | GordonOverkill, the Deep Elf Conjurer, began the quest for the Orb.
     0 | D:1      | Reached XP level 1. HP: 10/10 MP: 4/4
   230 | D:1      | Reached XP level 2. HP: 15/15 MP: 4/6
  1350 | D:2      | Noticed Ijyb
  1363 | D:2      | Killed Ijyb
  1363 | D:2      | Reached skill level 5 in Conjurations
  1363 | D:2      | Reached XP level 3. HP: 17/19 MP: 1/9
  1696 | D:2      | Reached XP level 4. HP: 24/24 MP: 7/12
  1928 | D:2      | Learned a level 3 spell: Mephitic Cloud
  2200 | D:2      | Noticed Jessica
  2203 | D:2      | Killed Jessica
  2710 | D:3      | Reached XP level 5. HP: 24/28 MP: 9/16
  2836 | D:3      | Reached skill level 6 in Conjurations
  3521 | D:3      | Engulfed by a cloud of flame
